 Dungeon Crawl Stone Soup version 0.17-a0-1718-g72dbe4d (webtiles) character file.

98 kae the Slasher (level 4, -3/39 HPs)
             Began as a Minotaur Fighter on Aug 26, 2015.
             Slain by a gnoll (5 damage)
             ... on level 2 of the Dungeon.
             The game lasted 00:01:16 (1277 turns).

kae the Slasher (Minotaur Fighter)                  Turns: 1277, Time: 00:01:16

Health: -3/39      AC:  7    Str: 21    XL:     4   Next: 43%
Magic:  3/3        EV:  7    Int:  6    God:
Gold:   33         SH:  9    Dex:  9    Spells: 0 memorised, 3 levels left

rFire  . . .     SeeInvis .     a - +0 long sword
rCold  . . .     Clarity  .     b - +0 scale mail
rNeg   . . .     SustAt   .     c - +0 shield
rPois  .         Gourm    .     (helmet restricted)
rElec  .         Spirit   .     (no cloak)
rCorr  .         Warding  .     (no gloves)
rMut   .         Stasis   .     (no boots)
MR     .....                    (no amulet)
Stlth  ..........               (no ring)
                                (no ring)

@: lethally poisoned (-3 -> -34), not resistant to hostile enchantments,
extremely unstealthy
A: retaliatory headbutt, horns 2
a: no special abilities


You were on level 2 of the Dungeon.
You were not hungry.

You visited 1 branch of the dungeon, and saw 2 of its levels.

You collected 33 gold pieces.

Inventory:

Hand weapons
 a - a +0 long sword (weapon)
Armour
 b - a +0 scale mail (worn)
 c - a +0 shield (worn)
Jewellery
 k - an uncursed ring of flight {unknown}
 o - a +4 ring of protection {unknown}
 p - an uncursed ring of positive energy {unknown}
 q - an uncursed amulet of resist mutation {unknown}
Scrolls
 f - a scroll of teleportation {unknown}
 g - 2 scrolls of noise {unknown}
 h - a scroll of magic mapping {unknown}
 j - 2 scrolls of enchant weapon {unknown}
 l - a scroll of enchant armour {unknown}
 n - 3 scrolls of identify {unknown}
 r - a scroll of random uselessness {unknown}
Potions
 d - a potion of might
 i - a potion of heal wounds
 m - a potion of brilliance {unknown}
 t - a potion of poison {unknown}
Comestibles
 e - 3 bread rations


   Skills:
 - Level 3.6 Fighting
 + Level 5.6 Long Blades
 - Level 3.7 Armour
 - Level 3.7 Shields


You had 3 spell levels left.
You didn't know any spells.

Dungeon Overview and Level Annotations

Branches:
Dungeon (2/15)

Altars:


Innate Abilities, Weirdness & Mutations

You reflexively headbutt those who attack you in melee.
You have a pair of horns on your head.


Message History

You feel very sick. The gnoll hits you but does no damage.
You are too injured to fight recklessly!
You are too injured to fight recklessly!
Unknown command.
You are too injured to fight recklessly!
You are too injured to fight recklessly!
You are too injured to fight recklessly!
You are too injured to fight recklessly!
You hit the gnoll but do no damage.
The gnoll is lightly wounded.
* * * LOW HITPOINT WARNING * * *
You feel very sick. You block the gnoll's attack.
You barely miss the gnoll.
The gnoll is lightly wounded.
* * * LOW HITPOINT WARNING * * *
You feel very sick. The gnoll hits you.
You die...

###########.....#.#
#.# #.....#.# #.#
####.....#.#
#........#.#
#.###†...#.#
#.###.#.##.##
#...........#
###.###.#.### ##
#.....#@# ....
#######g#.....
#.(........
#(.........
................#
.................
..........#######
#########.# ..#


You could see a gnoll.

Vanquished Creatures
  3 gnolls (D:2)
  2 adders (D:2)
  A worm (D:2)
  2 giant geckos (D:1)
  An orc (D:2)
  9 bats
  7 giant cockroaches (D:1)
  6 goblins (D:1)
  3 hobgoblins
  2 jackals (D:1)
  4 giant newts
  3 kobolds
  2 rats
45 creatures vanquished.

Notes
Turn   | Place    | Note
--------------------------------------------------------------
     0 | D:1      | kae the Minotaur Fighter began the quest for the Orb.
     0 | D:1      | Reached XP level 1. HP: 19/19 MP: 0/0
   106 | D:1      | Reached XP level 2. HP: 26/26 MP: 1/1
   291 | D:1      | Reached skill level 4 in Long Blades
   514 | D:1      | Reached XP level 3. HP: 31/31 MP: 2/2
  1021 | D:2      | Reached skill level 5 in Long Blades
  1267 | D:2      | Reached XP level 4. HP: 37/39 MP: 3/3
  1277 | D:2      | Slain by a gnoll

Vault maps used:
D:1:      evilmike_arrival_crescent, minmay_lizard_king
D:2:      lemuel_coloured_pillars_altar

Action                   |  1- 3 |  4- 6 || total
-------------------------+-------+-------++-------
Melee: Long sword        |   126 |     9 ||   135
  Use: Potion            |     1 |       ||     1
  Eat: Chunk             |     1 |       ||     1
